 Dungeon Crawl Stone Soup version 0.30-a0-116-g3b1a8e4ee4 (webtiles) character file.

Game seed: 14852826745670165915

4772 porpoise the Grappler (level 10, -1/91 HPs)
             Began as a Troll Brigand on Sept 13, 2022.
             Was a Follower of Hepliaklqana.
             Slain by a five-headed hydra (9 damage)
             ... on level 9 of the Dungeon.
             The game lasted 00:24:56 (7950 turns).

porpoise the Grappler (Troll Brigand)               Turns: 7950, Time: 00:24:57

Health: -1/91      AC: 14    Str: 21    XL:     10   Next: 23%
Magic:  10/10      EV: 10    Int:  7    God:    Hepliaklqana [*.....]
Gold:   370        SH:  0    Dex: 15    Spells: 9/9 levels left

rFire   + . .      SeeInvis .    q - +0 dire flail (protect)
rCold   + . .      Faith    .    (shield currently unavailable)
rNeg    . . .      Spirit   .    y - +2 robe {Will+}
rPois   +          Reflect  .    (helmet restricted)
rElec   +          Harm     .    a - +0 cloak
rCorr   +          Rampage  .    (gloves unavailable)
Will    ++...                    (boots unavailable)
Stlth   ++........               (no amulet)
HPRegen 1.05/turn                p - ring of willpower
MPRegen 0.12/turn                (no ring)

@: resistant, under a protective aura
A: reduced essence, large, unfitting armour, claws 3, regeneration 1, shaggy fur
1, tough skin 1
a: Renounce Religion, Recall Ancestor, Ancestor Identity


You were on level 9 of the Dungeon.
You worshipped Hepliaklqana.
Hepliaklqana was aware of your devotion.
You visited 2 branches of the dungeon, and saw 12 of its levels.

You collected 470 gold pieces.
You spent 100 gold pieces at shops.

Inventory:

Hand Weapons
 b - a +2 sling of flaming
 c - the +5 hand axe "Hyiseet" {freeze, rC+ Str+2 Int-4 Dex+8}
   (You found it on level 4 of the Dungeon)

   It freezes those it strikes, dealing additional cold damage.
   It can also slow down cold-blooded creatures.
   Str:       It affects your strength (+2).
   Int:       It affects your intelligence (-4).
   Dex:       It affects your dexterity (+8).
   rC:        It protects you from cold.
 q - a +0 dire flail of protection (weapon)
Missiles
 d - 26 poisoned darts (quivered)
 e - 3 curare-tipped darts
 z - 4 large rocks
Armour
 a - a +0 cloak (worn)
 v - a +0 robe of willpower
 y - a +2 robe of willpower (worn)
Jewellery
 p - a ring of willpower (left claw)
Wands
 g - a wand of mindburst (10)
 o - a wand of flame (18)
 B - a wand of polymorph (5)
Scrolls
 i - 4 scrolls of magic mapping
 j - 2 scrolls of blinking
 k - 3 scrolls of teleportation
 l - 3 scrolls of butterflies
 n - a scroll of immolation
 r - a scroll of amnesia
 t - a scroll of noise
 A - a scroll of identify
 E - a scroll of enchant weapon {unknown}
Potions
 f - 2 potions of haste
 h - 2 potions of heal wounds
 m - a potion of flight
 s - 4 potions of brilliance
 u - 2 potions of ambrosia
 w - 3 potions of curing
 x - 2 potions of mutation
 D - a potion of might {unknown}
 F - a potion of berserk rage {unknown}


   Skills:
 - Level 7.0 Fighting
 - Level 1.5 Short Blades
 - Level 1.7 Throwing
 + Level 1.9 Dodging
 - Level 2.1 Stealth
 + Level 12.2 Unarmed Combat
 + Level 1.4 Invocations


You had 9 spell levels left.
You didn't know any spells.
Your spell library contained the following spells:

 Spells                   Type           Power      Damage    Failure   Level
 Foxfire                  Conj/Fire      0%         2x1d4     43%         1
 Gell's Gravitas          Tloc           0%         N/A       80%         3
 Inner Flame              Hex/Fire       0%         N/A       80%         3
 Kindle Blastsparks       Fire/Tloc/Air  0%         2d10      80%         3
 Teleport Other           Tloc           0%         N/A       80%         3
 Flame Wave               Conj/Fire      0%         2d4       99%         4
 Dispersal                Tloc           0%         N/A       100%        6
 Disjunction              Tloc           0%         N/A       100%        8


Dungeon Overview and Level Annotations

Branches:
Dungeon (11/15)            Temple (1/1) D:7            Lair (0/5) D:8
    Orc: D:9-12

Altars:
Ashenzari
Cheibriados
Dithmenos
Elyvilon
Fedhas
Gozag
Hepliaklqana
Makhleb
Nemelex Xobeh
Okawaru
Qazlal
Ru
Sif Muna
Trog
Uskayaw
Vehumet
Wu Jian
Xom
Yredelemnul
Zin
The Shining One

Shops:
D:1 [

Annotations:
D:2 Sigmund


Innate Abilities, Weirdness & Mutations

Your life essence is reduced to manifest your ancestor. (-10% HP)
You are too large for most types of armour.
You have claws for hands.
Your natural rate of healing is unusually fast.
You are covered in fur. (AC +1)
You have tough skin. (AC +1)


Message History

The five-headed hydra bites you but does no damage.
The five-headed hydra bites you.
The five-headed hydra bites you but does no damage.
The five-headed hydra closely misses you.
The five-headed hydra bites you.
The five-headed hydra barely misses you.
The five-headed hydra bites you! x2
The five-headed hydra bites you but does no damage.
You barely miss the five-headed hydra.
The five-headed hydra is moderately wounded.
The five-headed hydra bites you.
The five-headed hydra barely misses you.
The five-headed hydra completely misses you.
The five-headed hydra closely misses you.
The five-headed hydra barely misses you.
You puncture the five-headed hydra!
The five-headed hydra is heavily wounded.
The five-headed hydra barely misses you.
The five-headed hydra bites you but does no damage.
The five-headed hydra bites you.
The five-headed hydra bites you but does no damage. x2
You barely miss the five-headed hydra.
The five-headed hydra is heavily wounded.
The five-headed hydra bites you! The five-headed hydra bites you.
* * * LOW HITPOINT WARNING * * *
The five-headed hydra closely misses you. x3
The five-headed hydra bites you.
* * * LOW HITPOINT WARNING * * *
The five-headed hydra bites you but does no damage. x2
The five-headed hydra barely misses you.
The five-headed hydra bites you but does no damage.
It was a potion of resistance.
You feel protected. The five-headed hydra bites you.
* * * LOW HITPOINT WARNING * * *
The five-headed hydra bites you!
* * * LOW HITPOINT WARNING * * *
The five-headed hydra barely misses you.
The five-headed hydra bites you!
You die...

######## #......# #
#......# ..
#......# ...
#......# #..
#####......# #..
#...†......#
#..#####.###...†..#
#.'@D...# #....<.#
##.##.### ####'###
## #.# #..### ..#
##...# ##.# ###.##
... #..# .## ##.# #
########'#
#.........


You could see a five-headed hydra.

Vanquished Creatures
  2 two-headed ogres
  A troll (D:6)
  2 wyverns (D:9)
  A shadow (D:6)
  5 yaks (D:8)
  2 water moccasins
  5 ice beasts
  A black bear (D:4)
  A phantom (D:4)
  A kobold brigand (D:9)
  A scorpion (D:6)
  A necrophage (D:8)
  A bullfrog (D:9)
  5 wights (D:8)
  9 howler monkeys
  2 orc priests
  8 hounds
  A jelly (D:6)
  A gnoll bouda (D:5)
  Terence (D:2)
  6 gnolls
  5 adders
  A shadow imp (D:7)
  2 white imps (D:7)
  2 ufetubi (D:6)
  2 worms
  3 dart slugs
  10 orcs
  7 bats
  3 endoplasms
  2 giant cockroaches
  7 goblins
  4 hobgoblins
  2 jackals (D:5)
  15 kobolds
  2 quokkas
  4 ball pythons
  7 frilled lizards
  3 rats
138 creatures vanquished.

Vanquished Creatures (others)
  2 ancestors
2 creatures vanquished.

Grand Total: 140 creatures vanquished

Notes
Turn   | Place    | Note
-------+----------+-------------------------------------------
     0 | D:1      | porpoise the Troll Brigand began the quest for the Orb.
     0 | D:1      | Reached XP level 1. HP: 19/19 MP: 0/0
    65 | D:1      | Found Modiejug's Armour Emporium.
    87 | D:1      | Reached skill level 1 in Unarmed Combat
   155 | D:1      | Reached XP level 2. HP: 28/28 MP: 1/1
  1023 | D:2      | Noticed Sigmund
  1074 | D:2      | Noticed Terence
  1095 | D:2      | Killed Terence
  1096 | D:2      | Reached skill level 2 in Unarmed Combat
  1096 | D:2      | Reached XP level 3. HP: 22/36 MP: 2/2
  1452 | D:3      | Reached XP level 4. HP: 40/44 MP: 3/3
  1595 | D:3      | Reached skill level 3 in Unarmed Combat
  2006 | D:3      | Found a burning altar of Makhleb.
  2020 | D:3      | Found a faded altar of an unknown god.
  2514 | D:4      | Identified the +5 hand axe "Hyiseet" {freeze, rC+ Str+2
                  | Int-4 Dex+8}
  2573 | D:4      | Reached XP level 5. HP: 49/53 MP: 4/4
  2685 | D:4      | Noticed a black bear
  2699 | D:4      | Killed a black bear
  2837 | D:4      | Noticed a phantom
  2846 | D:4      | Killed a phantom
  2847 | D:4      | Reached skill level 4 in Unarmed Combat
  2847 | D:4      | Reached XP level 6. HP: 50/62 MP: 5/5
  3240 | D:5      | Entered Level 5 of the Dungeon
  3306 | D:5      | Noticed an ice beast
  3372 | D:5      | Killed an ice beast
  3441 | D:5      | Reached skill level 5 in Unarmed Combat
  3441 | D:5      | Reached XP level 7. HP: 71/71 MP: 6/6
  3671 | D:1      | Bought a +0 robe of willpower for 100 gold pieces
  3866 | D:5      | Reached skill level 5 in Fighting
  3994 | D:5      | Found a snail-covered altar of Cheibriados.
  4059 | D:5      | Found a hide-covered altar of Uskayaw.
  4600 | D:6      | Reached skill level 6 in Unarmed Combat
  4675 | D:6      | Found a hazy altar of Hepliaklqana.
  4742 | D:6      | Noticed a two-headed ogre
  4754 | D:6      | Killed a two-headed ogre
  4755 | D:6      | Reached skill level 7 in Unarmed Combat
  4755 | D:6      | Reached XP level 8. HP: 74/84 MP: 7/7
  4787 | D:6      | Noticed a troll
  4793 | D:6      | Killed a troll
  4799 | D:6      | Reached skill level 8 in Unarmed Combat
  5259 | D:7      | Reached XP level 9. HP: 84/93 MP: 8/8
  5422 | D:7      | Found a staircase to the Ecumenical Temple.
  5432 | Temple   | Entered the Ecumenical Temple
  5624 | D:6      | Became a worshipper of Hepliaklqana the Forgotten
  5912 | D:7      | Reached skill level 9 in Unarmed Combat
  6060 | D:8      | Noticed a two-headed ogre
  6071 | D:8      | Killed a two-headed ogre
  6072 | D:8      | Reached skill level 10 in Unarmed Combat
  6477 | D:8      | Reached skill level 11 in Unarmed Combat
  6504 | D:8      | Found a staircase to the Lair.
  6550 | D:8      | Reached * piety under Hepliaklqana
  6552 | D:8      | Found a broken altar of Ashenzari.
  6739 | D:8      | Reached XP level 10. HP: 44/91 MP: 9/9
  6747 | D:8      | Reached skill level 12 in Unarmed Combat
  7024 | D:8      | You fall into a shaft and drop 3 floors!
  7166 | D:10     | Entered Level 10 of the Dungeon
  7208 | D:8      | Reached skill level 1 in Dodging
  7835 | D:9      | Found a stormy altar of Qazlal.
  7896 | D:9      | Reached skill level 1 in Invocations
  7937 | D:9      | Noticed a five-headed hydra
  7950 | D:9      | Slain by a five-headed hydra

Illustrated notes

Levels and vault maps discovered:
D:1:      onia_arrival_mini_maze_b, layout_basic, serial_shops, shop
D:2:      layout_rooms, minmay_distorted, uniq_sigmund, uniq_terence
D:3:      layout_basic, lemuel_tele_altar, dreamdust_ecumenical_altar_grove
D:4:      layout_layer_cave
D:5:      layout_cave_pools, slow_altar_1, mainiacjoe_overflow_24_doors
D:6:      minmay_cornered_nines, layout_basic, mainiacjoe_overflow_brackets
D:7:      layout_loops_corners, minmay_temple_entry_ruins
D:8:      layout_layer_cave, cheibrodos_ashenzari_chains, lair_entry_dummy
D:9:      layout_roguey, tgw_kikubaaqudgha, overflow_temple_1_default,
          minmay_variable_closet, minmay_diamond_spiral
D:10:     layout_roguey, uniq_nergalle
D:11:     layout_basic, david_orc_3, gauntlet_entry_generic,
          nicolae_hexahallways
Temple:   nicolae_temple_superstar

Skill      XL: |  1  2  3  4  5  6  7  8  9 10 |
---------------+-------------------------------+-----
Unarmed Combat | 1 2 3 4 5 7 8 11 12 | 12.2
Fighting       | 2 3 4 6 7 |  7.0
Dodging        | 1 |  1.9
Invocations    | 1 |  1.4
Short Blades   | |  1.5
Throwing       | |  1.7
Stealth        | |  2.1

Action                   |  1- 3 |  4- 6 |  7- 9 | 10-12 || total
-------------------------+-------+-------+-------+-------++-------
Melee: Unarmed           |   108 |   108 |   162 |    43 ||   421
       Punch             |     1 |     2 |     6 |     2 ||    11
       Hand axe          |       |     6 |       |       ||     6
       Dire flail        |       |       |       |     4 ||     4
 Fire: Sling             |       |     8 |    19 |       ||    27
Throw: Dart              |       |     4 |    12 |       ||    16
Invok: Ancestor Identity |       |       |     1 |       ||     1
       Recall Ancestor   |       |       |       |     2 ||     2
  Use: Scroll            |       |     7 |     7 |     1 ||    15
       Potion            |       |       |       |     1 ||     1
 Stab: Sleeping          |     3 |     3 |     3 |       ||     9
Armor: Robe              |    38 |    50 |    30 |    17 ||   135
Dodge: Dodged            |    54 |    57 |    64 |    40 ||   215

Table legend: (Time is in decaauts)
 A = Elapsed time spent in this place.
 B = Non-inter-level travel time spent in this place.
 C = Inter-level travel time spent in this place.
 D = Time resting spent in this place.
 E = Time spent auto-exploring this place.
 F = Levels seen in this place.
 G = Mean time per level.
                   A        B        C        D        E       F      G
               +--------+--------+--------+--------+--------+-----+--------+
         Total |   7907 |   7162 |    745 |    624 |   4932 |  12 |  658.9 |
       Dungeon |   7758 |   7037 |    721 |    624 |   4835 |  11 |  705.3 |
        Temple |    148 |    124 |     24 |      0 |     97 |   1 |  148.0 |
               +--------+--------+--------+--------+--------+-----+--------+

Top non-repeatable levels by time:
     D:8: 1475 daAuts
     D:3: 1197 daAuts
     D:1: 1054 daAuts
     D:4: 868 daAuts
     D:7: 775 daAuts
     D:6: 763 daAuts
     D:5: 742 daAuts
     D:2: 478 daAuts
     D:9: 239 daAuts
  Temple: 148 daAuts
    D:11: 141 daAuts
    D:10: 21 daAuts
